 Dungeon Crawl Stone Soup version 0.30-a0-394-g3e4acdb0ae (webtiles) character file.

Game seed: 8763536301000625888

3129 p00ps00p the Cleaver (level 9, -2/82 HPs)
             Began as a Hill Orc Fighter on Dec 6, 2022.
             Slain by an orc warlord
             ... wielding a +6 battleaxe
              (19 damage)
             ... in a bailey.
             The game lasted 00:14:56 (6395 turns).

p00ps00p the Cleaver (Hill Orc Fighter)             Turns: 6395, Time: 00:14:56

Health: -2/82      AC: 12    Str: 23    XL:     9   Next: 92%
Magic:  9/9        EV:  8    Int:  8    God:
Gold:   287        SH:  5    Dex: 10    Spells: 8/8 levels left

rFire   . . .      SeeInvis .    f - +4 war axe
rCold   . . .      Faith    .    c - +0 buckler
rNeg    . . .      Spirit   .    t - +2 chain mail
rPois   .          Reflect  .    (no helmet)
rElec   .          Harm     .    (no cloak)
rCorr   .          Rampage  .    (no gloves)
Will    .....                    (no boots)
Stlth   ..........               i - amulet of regeneration
HPRegen 1.13/turn                m - ring of flight
MPRegen 0.11/turn                (no ring)

@: mighty, flying
A: no striking features
a: no special abilities


You were in a bailey.
You visited 1 branch of the dungeon, and saw 7 of its levels.
You also visited: Sewer and Bailey.

You collected 422 gold pieces.
You spent 135 gold pieces at shops.

Inventory:

Hand Weapons
 a - a +0 war axe
 f - a +4 war axe (weapon)
 x - a +3 antimagic hand axe
Missiles
 q - a boomerang of dispersal
 r - 5 javelins
 s - 3 throwing nets (quivered)
 z - 5 poisoned darts
 A - 29 boomerangs
Armour
 b - a +0 scale mail
 c - a +0 buckler (worn)
 h - a +2 pair of boots
 t - a +2 chain mail (worn)
 u - a +0 pair of boots
 C - a +2 ring mail of cold resistance
Jewellery
 i - an amulet of regeneration (around neck)
 m - a ring of flight (left hand)
 v - a ring of ice
Wands
 n - a wand of charming (4)
 y - a wand of polymorph (7)
Scrolls
 j - a scroll of magic mapping
 o - 3 scrolls of butterflies
Potions
 d - a potion of attraction
 e - 4 potions of lignification
 g - 4 potions of brilliance
 k - 2 potions of curing
 l - 5 potions of mutation
 p - 3 potions of magic {unknown}
 B - a potion of degeneration {unknown}
 D - a potion of invisibility {unknown}
 E - a potion of experience
 F - 3 potions of haste {unknown}
 H - 3 potions of cancellation {unknown}


   Skills:
 + Level 8.9 Fighting
 + Level 9.2 Axes
 + Level 8.2 Armour
 + Level 8.1 Shields


You had 8 spell levels left.
You didn't know any spells.
Your spell library contained the following spells:

 Spells                   Type           Power      Damage    Failure   Level
 Ensorcelled Hibernation  Hex/Ice        0%         N/A       99%         2
 Passwall                 Tmut/Erth      0%         N/A       99%         2
 Frozen Ramparts          Ice            0%         1d1       100%        3
 Swiftness                Air            0%         N/A       100%        3
 Ice Form                 Ice/Tmut       0%         N/A       100%        4
 Summon Ice Beast         Ice/Summ       0%         N/A       100%        4


Dungeon Overview and Level Annotations

Branches:
Dungeon (7/15)              Sewer (visited)          Bailey (1/1)
 Temple: D:4-7

Altars:
Qazlal
Yredelemnul
The Shining One

Shops:
D:5 (?


Message History

The orc warlord resists with almost no effort.
The orc warlord hits you with a +6 battleaxe!
You slash the orc warlord!
The orc warlord is lightly wounded.
The orc warlord hits you with a +6 battleaxe!
You hit the orc warlord but do no damage.
The orc warlord is lightly wounded.
The orc warlord hits you with a +6 battleaxe.
You hit the orc warlord.
The orc warlord is lightly wounded.
You block the orc warlord's attack.
You hit the orc warlord.
The orc warlord is lightly wounded.
The orc warlord closely misses you.
The orc warlord hits you with a +6 battleaxe!
You closely miss the orc warlord.
The orc warlord is lightly wounded.
The orc warlord hits you with a +6 battleaxe!!
As you read the scroll of teleportation, it crumbles to dust.
You feel strangely unstable.
The orc warlord hits you with a +6 battleaxe!!
* * * LOW HITPOINT WARNING * * *
Your surroundings seem slightly different.
Aiming: Iceblast
Press: ? - help, Q - select action, (/) - cycle Shift-Dir - straight line, p - orc warlord
Okay, then.
Aiming: Iceblast
Press: ? - help, Q - select action, (/) - cycle Shift-Dir - straight line, p - orc warlord The mass of ice explodes!
The iceblast engulfs the orc warlord.
The orc warlord is lightly wounded.
The now-empty wand crumbles to dust.
Aiming: Charm
Press: ? - help, Q - select action, (/) - cycle Shift-Dir - straight line, f - orc warlord
Aim: an orc warlord, wielding a +6 battleaxe and wearing a +0 chain mail (lightly wounded, chance to affect: 17%)
The orc warlord resists with almost no effort.
As you read the scroll of teleportation, it crumbles to dust.
You feel strangely unstable.
Your surroundings seem slightly different.
The orc warlord hits you with a +6 battleaxe!!
You die...

♣♣♣ ♣♣♣∩♣♣♣
#####♣♣♣.....♣♣♣#####
#...##.........##...##
.....##.......##.....##
..8...##~~~~~##.@.....##
.......#~~~~~#.o.8..8..##
.......#~~~~~#..........#
..8....'.)...'..........#
.....#########......8...#
....##~~~# ~ ####......##
....#~|... .~#~~#.....##
÷÷..#~!... ....~#....##
÷...##8.8. .8.8~##...#


You could see an orc warlord.

Vanquished Creatures
  An orc knight (Bailey)
  Grinder (D:5)
  Sigmund (D:2)
  Eustachio (D:6)
  A sky beast (D:6)
  An orc warrior (Bailey)
  A centaur (D:6)
  2 ogres
  A phantom (D:6)
  A necrophage (D:6)
  3 scorpions
  4 wights (D:6)
  A howler monkey (D:4)
  2 gnoll boudas
  2 jellies
  5 hounds
  An orc priest (D:4)
  7 iguanas
  2 orc wizards
  18 gnolls
  8 adders
  5 river rats (Sewer)
  A white imp (D:6)
  A worm (D:2)
  3 dart slugs
  16 orcs
  9 ball pythons
  6 endoplasms
  2 giant cockroaches
  15 goblins
  6 hobgoblins
  30 kobolds
  3 quokkas
  3 training dummies (D:5)
  2 bats
  4 frilled lizards
  33 rats
203 creatures vanquished.

Vanquished Creatures (collateral kills)
  3 orc warriors (Bailey)
3 creatures vanquished.

Grand Total: 206 creatures vanquished

Notes
Turn   | Place    | Note
-------+----------+-------------------------------------------
     0 | D:1      | p00ps00p the Hill Orc Fighter began the quest for the Orb.
     0 | D:1      | Reached XP level 1. HP: 19/19 MP: 1/1
   269 | D:1      | Reached skill level 3 in Axes
   269 | D:1      | Reached XP level 2. HP: 25/27 MP: 2/2
  1252 | D:2      | Noticed Sigmund
  1256 | D:2      | Reached XP level 3. HP: 33/33 MP: 3/3
  1258 | D:2      | Killed Sigmund
  1259 | D:2      | Reached skill level 4 in Axes
  1259 | D:2      | Reached XP level 4. HP: 36/41 MP: 4/4
  1259 | D:2      | Reached XP level 5. HP: 41/47 MP: 5/5
  1483 | D:2      | Reached XP level 6. HP: 11/55 MP: 6/6
  1628 | D:2      | Reached skill level 5 in Fighting
  1645 | D:2      | Found a stormy altar of Qazlal.
  2736 | D:3      | Reached skill level 5 in Axes
  3065 | D:4      | Reached skill level 5 in Armour
  3065 | D:4      | Reached skill level 5 in Shields
  3068 | D:4      | Reached XP level 7. HP: 61/61 MP: 7/7
  3340 | D:4      | Found a basalt altar of Yredelemnul.
  3806 | D:5      | Entered Level 5 of the Dungeon
  4105 | D:5      | Reached skill level 6 in Axes
  4213 | D:5      | Noticed Grinder
  4237 | D:5      | Found Zeesodig's Magic Scroll Shoppe.
  4244 | D:5      | Paralysed by Grinder for 2 turns
  4246 | D:5      | Killed Grinder
  4247 | D:5      | Reached XP level 8. HP: 66/71 MP: 3/8
  4269 | D:5      | Bought a scroll of enchant weapon for 97 gold pieces
  4505 | D:5      | Found Tisicy's Firing Range.
  4532 | D:5      | Bought 4 boomerangs for 22 gold pieces
  4532 | D:5      | Bought 3 boomerangs for 16 gold pieces
  4666 | D:6      | Found a glowing drain.
  4751 | Sewer    | Entered a sewer
  5236 | D:6      | Reached skill level 7 in Axes
  5241 | D:6      | HP: 3/62 [wight/+5 flail of freezing (3)]
  5351 | D:6      | Noticed Eustachio
  5366 | D:6      | Killed Eustachio
  5367 | D:6      | Reached XP level 9. HP: 73/79 MP: 9/9
  5411 | D:6      | Found a glowing golden altar of the Shining One.
  5485 | D:6      | Reached skill level 8 in Axes
  6029 | D:7      | Found a flagged portal.
  6062 | Bailey   | Entered a bailey
  6079 | Bailey   | Noticed an orc warlord
  6164 | Bailey   | Noticed an orc knight
  6185 | Bailey   | Found a runed translucent gate.
  6208 | Bailey   | HP: 2/82 [orc knight/+0 war axe (11)]
  6216 | Bailey   | Killed an orc knight
  6217 | Bailey   | Reached skill level 9 in Axes
  6355 | Bailey   | Found a runed translucent gate.
  6358 | Bailey   | Found a runed translucent gate.
  6382 | Bailey   | HP: 3/82 [orc warlord/+6 battleaxe (24)]
  6395 | Bailey   | Slain by an orc warlord

Illustrated notes

Levels and vault maps discovered:
D:1:      lemuel_arrival_tunnels, layout_loops_corners
D:2:      minmay_door_path, layout_loops_corners, basic_altar,
          serial_park_tiny_2, uniq_sigmund
D:3:      layout_basic, skrybe_limestone_x
D:4:      layout_basic, mainiacjoe_overflow_alcove_2, minmay_misc_feat_cross,
          st_stairs_11, kennysheep_generic_room_10
D:5:      layout_cave_pools, serial_shops, shop, minmay_misc_feat_secret_circle,
          nicolae_shop_firing_range, uniq_grinder
D:6:      layout_gridville, tso_metal_star, cheibrodos_sewer_entry_drain,
          uniq_eustachio
D:7:      minmay_razor_zed, layout_loops_corners, temple_hall, enter_bailey_5
Bailey:   bailey_axe_bossmonster_kennysheep, bailey

Skill      XL: |  1  2  3  4  5  6  7  8  9 |
---------------+----------------------------+-----
Axes           | 3 4 5 6 7 9 |  9.2
Fighting       | 4 5 6 7 8 |  8.9
Armour         | 4 5 6 7 8 |  8.2
Shields        | 4 5 6 8 |  8.1

Action                   |  1- 3 |  4- 6 |  7- 9 || total
-------------------------+-------+-------+-------++-------
Melee: War axe           |    38 |   130 |   170 ||   338
       Hand axe          |       |       |   210 ||   210
       Unarmed           |       |       |     9 ||     9
Evoke: Wand              |       |       |    15 ||    15
  Use: Scroll            |     4 |     2 |    15 ||    21
       Potion            |     1 |       |     9 ||    10
Armor: Scale mail        |    17 |    47 |       ||    64
       Chain mail        |       |    16 |   183 ||   199
       Skin              |       |       |     1 ||     1
Dodge: Dodged            |    16 |    34 |   168 ||   218
Block: Buckler           |     4 |    32 |   111 ||   147

Table legend: (Time is in decaauts)
 A = Elapsed time spent in this place.
 B = Non-inter-level travel time spent in this place.
 C = Inter-level travel time spent in this place.
 D = Time resting spent in this place.
 E = Time spent auto-exploring this place.
 F = Levels seen in this place.
 G = Mean time per level.
                   A        B        C        D        E       F      G
               +--------+--------+--------+--------+--------+-----+--------+
         Total |   6471 |   6322 |    149 |    651 |   4063 |   9 |  719.0 |
       Dungeon |   5663 |   5514 |    149 |    619 |   3780 |   7 |  809.0 |
         Sewer |    469 |    469 |      0 |      0 |    280 |   1 |  469.0 |
        Bailey |    339 |    339 |      0 |     32 |      3 |   1 |  339.0 |
               +--------+--------+--------+--------+--------+-----+--------+

Top non-repeatable levels by time:
     D:2: 1276 daAuts
     D:1: 977 daAuts
     D:4: 921 daAuts
     D:5: 840 daAuts
     D:6: 717 daAuts
     D:3: 690 daAuts
   Sewer: 469 daAuts
  Bailey: 339 daAuts
     D:7: 239 daAuts
